 Dungeon Crawl Stone Soup version 0.29.0-10-g45618ea6d2 (webtiles) character file.

Game seed: 15574097421173396880

25 LustLizard the Firebug (level 3, -7/28 HPs)
             Began as a Hill Orc Fire Elementalist on Sept 1, 2022.
             Mangled by an iguana (9 damage)
             ... on level 2 of the Dungeon.
             The game lasted 00:03:40 (1194 turns).

LustLizard the Firebug (Hill Orc Fire Elementalist) Turns: 1194, Time: 00:03:40

Health: -7/28      AC:  3    Str: 12    XL:     3   Next: 4%
Magic:  0/5        EV: 11    Int: 15    God:
Gold:   23         SH:  0    Dex: 11    Spells: 1/5 levels left

rFire   . . .      SeeInvis .   f - +0 hand axe
rCold   . . .      Faith    .   (no shield)
rNeg    . . .      Spirit   .   d - +0 leather armour
rPois   .          Reflect  .   (no helmet)
rElec   .          Harm     .   (no cloak)
rCorr   .          Rampage  .   (no gloves)
Will    .....                   (no boots)
Stlth   +.........              (no amulet)
HPRegen 0.09/turn               (no ring)
MPRegen 0.09/turn               (no ring)

@: no status effects
A: no striking features
a: no special abilities


You were on level 2 of the Dungeon.
You visited 1 branch of the dungeon, and saw 2 of its levels.

You collected 23 gold pieces.

Inventory:

Hand Weapons
 e - a +0 whip
 f - a +0 hand axe (weapon)
Armour
 a - a +0 robe
 d - a +0 leather armour (worn)
 h - a +0 ring mail
Potions
 b - a potion of magic
 c - a potion of haste {unknown}
 g - a potion of degeneration {unknown}


   Skills:
 + Level 1.0 Fighting
 * Level 0.1 Axes
 - Level 1.5 Dodging
 + Level 1.8 Stealth
 + Level 1.7 Spellcasting
 * Level 1.6 Conjurations
 * Level 3.7 Fire Magic


You had one spell level left.
You knew the following spells:

 Your Spells              Type           Power      Damage    Failure   Level
a - Foxfire               Conj/Fire      36%        2x1d5     10%         1
b - Conjure Flame         Conj/Fire      9%         6-21      28%         3

Your spell library contained the following spells:

 Spells                   Type           Power      Damage    Failure   Level
 Scorch                   Fire           24%        2d6       10%         2
 Inner Flame              Hex/Fire       6%         N/A       38%         3
 Flame Wave               Conj/Fire      9%         2d6       67%         4


Dungeon Overview and Level Annotations

Branches:
Dungeon (2/15)

Altars:


Message History

The iguana is lightly wounded.
Casting: Foxfire (safe; 10% risk of failure)
Confirm with . or Enter, or press ? or * to list all spells.
You conjure some foxfire!
The iguana closely misses you.
You barely miss the iguana.
The iguana is lightly wounded.
The foxfire hits the iguana.
The iguana is lightly wounded.
The iguana closely misses you.
You slash the iguana!
The iguana is severely wounded.
The iguana barely misses you.
You hit the iguana.
The iguana is severely wounded.
The iguana bites you!
The iguana bites you but does no damage.
Casting: Foxfire (safe; 10% risk of failure)
Confirm with . or Enter, or press ? or * to list all spells.
You conjure some foxfire!
The iguana bites you.
You barely miss the iguana.
The iguana is severely wounded.
The foxfire hits the iguana but does no damage.
The iguana is severely wounded.
The iguana closely misses you.
You hit the iguana.
The iguana is almost dead.
The iguana bites you.
You barely miss the iguana.
The iguana is almost dead.
The iguana bites you!
* * * LOW HITPOINT WARNING * * *
The iguana barely misses you.
You hit the iguana but do no damage.
The iguana is almost dead.
The iguana bites you.
* * * LOW HITPOINT WARNING * * *
You hit the iguana but do no damage.
The iguana is almost dead.
The iguana bites you!
You die...

#.. #.. #.#
#.# #.# #.#
#.#####
#...l@#
##########.#
#.......##.#
#.#####....#
#)# ######
#.#
######.##
#......<#
###.##.##


You could see an iguana.

Vanquished Creatures
  2 ball pythons (D:1)
  An endoplasm (D:1)
  3 giant cockroaches (D:1)
  3 goblins
  3 hobgoblins (D:1)
  2 jackals (D:1)
  2 quokkas (D:1)
  3 bats (D:1)
  A kobold (D:1)
20 creatures vanquished.

Vanquished Creatures (others)
  53 foxfires
53 creatures vanquished.

Grand Total: 73 creatures vanquished

Notes
Turn   | Place    | Note
-------+----------+-------------------------------------------
     0 | D:1      | LustLizard the Hill Orc Fire Elementalist began the quest
                  | for the Orb.
     0 | D:1      | Reached XP level 1. HP: 14/14 MP: 3/3
   218 | D:1      | Reached XP level 2. HP: 22/22 MP: 1/4
   503 | D:1      | Found a faded altar of an unknown god.
   810 | D:1      | Reached skill level 1 in Fighting
  1026 | D:1      | Reached XP level 3. HP: 28/28 MP: 2/5
  1040 | D:1      | Learned a level 3 spell: Conjure Flame
  1194 | D:2      | Mangled by an iguana

Illustrated notes

Levels and vault maps discovered:
D:1:      wander_arrival_lonely_grave, layout_loops_ring,
          chequers_ecumenical_altar_island
D:2:      layout_basic, minmay_split_cup_large, uniq_jessica

Skill      XL: |  1  2 |
---------------+-------+-----
Fighting       | 1 |  1.0
Axes           | |  0.1
Dodging        | |  1.5
Stealth        | |  1.8
Spellcasting   | |  1.7
Conjurations   | |  1.6
Fire Magic     | |  3.7

Action                   || total
-------------------------++-------
Melee: Unarmed           ||     9
       Hand axe          ||    14
 Cast: Foxfire           ||    34
       Conjure Flame     ||     1
Armor: Robe              ||     4
       Leather armour    ||     1
Dodge: Dodged            ||    23
